Map: Станция Кайрос РВ

Players

llllllllllll

  • Race: Terran Terran
  • League: Grandmaster
  • Spawn Location: 11:00

ELESTRAGO - Winner!

  • Race: Terran Terran
  • League: Master
  • Spawn Location: 5:00

VOD

Have the link to the VOD?

Description

Time

  • Played on: May 2, 2019, 3:28 a.m.
  • Length: 13:38
Show
View Real Time Build Order
Export as new Build Order

llllllllllll Terran 

Build Orders:  

Get SALT Encoding   

  12  0:00  SCV  
  13  0:13  SCV  
  14  0:17  Supply Depot  
  14  0:24  Refinery  
  14  0:27  SCV  
  15  0:41  Barracks  
  15  0:45  SCV  
  16  0:57  SCV  
  16  0:58  Refinery  
  17  1:09  SCV  
  19  1:29  Orbital Command  
  19  1:30  Factory  
  18  1:33  Reaper  
  19  1:55  Supply Depot  
  19  1:56  SCV  
  20  2:05  Reaper  
  22  2:08  SCV  
  22  2:17  Hellion  
  22  2:20  SCV  
  25  2:32  SCV  
  26  2:38  Command Center  
  26  2:40  Reaper, Hellion  
  29  2:46  SCV  
  29  2:47  Supply Depot  
  30  3:00  SCV  
  31  3:20  SCV  
  31  3:22  Barracks Tech Lab, Starport, Factory Tech Lab  
  32  3:32  SCV  
  36  3:41  Cyclone  
  36  3:45  SCV  
  37  3:49  Barracks Reactor  
  37  3:52  Orbital Command  
  37  3:59  SCV  
  38  4:04  Raven  
  38  4:07  Refinery  
  40  4:11  SCV  
  41  4:17  Cyclone  
  41  4:24  Command Center  
  35  4:45  SCV  
  33  4:48  SCV  
  33  4:49  Marine x2  
  33  4:52  Siege Tank  
  39  4:58  SCV  
  40  5:00  SCV  
  41  5:10  SCV  
  41  5:12  SCV  
  43  5:22  SCV  
  43  5:24  SCV, Marine  
  43  5:25  Viking  
  43  5:33  Viking  
  43  5:34  Siege Tank, SCV  
  49  5:36  SCV  
  49  5:40  Orbital Command  
  50  5:46  SCV  
  50  5:48  SCV  
  52  5:50  Marine  
  52  5:55  Viking  
  55  5:58  SCV  
  55  6:03  Viking  
  52  6:07  SCV  
  52  6:08  Marine  
  52  6:14  Siege Tank  
  52  6:16  SCV  
  56  6:20  SCV x2  
  56  6:21  Refinery  
  58  6:26  Marine, Viking  
  58  6:28  SCV  
  58  6:32  SCV x2  
  64  6:40  SCV  
  64  6:41  Viking  
  64  6:44  SCV  
  64  6:45  Marine  
  68  6:50  Stimpack  
  68  6:54  SCV  
  69  6:59  Viking  
  68  7:02  SCV  
  68  7:04  Siege Tank  
  68  7:07  SCV  
  66  7:14  Orbital Command  
  63  7:25  SCV  
  63  7:26  Marine  
  64  7:31  Viking  
  64  7:33  SCV  
  65  7:37  SCV  
  65  7:40  SCV  
  66  7:45  SCV  
  66  7:49  Marine, SCV  
  69  7:52  SCV  
  69  7:57  SCV  
  69  8:06  SCV  
  69  8:10  Siege Tank  
  67  8:17  SCV  
  68  8:20  Viking  
  68  8:22  SCV  
  68  8:25  SCV  
  65  8:30  SCV  
  67  8:34  SCV  
  67  8:37  SCV  
  67  8:39  Marine  
  69  8:43  Orbital Command  
  69  8:44  Combat Shield  
  69  8:46  Barracks  
  69  9:06  Siege Tank  
  69  9:11  Starport Reactor  
  69  9:15  Barracks  
  69  9:16  Supply Depot  
  69  9:17  Supply Depot  
  69  9:23  Supply Depot x2  
  69  9:27  SCV x3  
  62  9:39  SCV x3  
  61  9:49  Marine  
  61  9:50  Siege Tank  
  61  9:51  SCV x2  
  67  9:53  SCV  
  67  9:56  Starport Reactor  
  68  10:03  SCV x2  
  68  10:04  Marine x2  
  68  10:05  SCV  
  73  10:07  Barracks Reactor  
  73  10:12  Marine, Engineering Bay  
  73  10:15  SCV, Engineering Bay  
  73  10:20  SCV  
  75  10:22  Marine x2  
  74  10:28  Siege Tank  
  74  10:30  Marine  
  74  10:31  SCV  
  74  10:34  SCV  
  78  10:37  Medivac x2  
  78  10:38  SCV  
  78  10:39  Marine  
  83  10:43  SCV  
  83  10:46  Marine x2  
  83  10:47  Marine  
  83  10:48  SCV  
  88  10:54  SCV  
  87  10:58  Marine  
  89  11:04  Marine x2  
  89  11:05  Terran Infantry Weapons Level 1  
  89  11:06  Terran Infantry Armor Level 1  
  89  11:10  Barracks Reactor, Medivac x2  
  94  11:12  SCV  
  94  11:13  Orbital Command  
  94  11:16  Siege Tank, Marine  
  98  11:19  SCV  
  98  11:22  Marine x2  
  98  11:24  SCV  
  102  11:31  SCV  
  103  11:33  Sensor Tower  
  103  11:35  Marine  
  103  11:36  SCV  
  105  11:40  SCV, Marine x2  
  105  11:42  Barracks x2  
  105  11:43  SCV  
  109  11:53  Marine  
  109  12:01  Medivac x2, Marine  
  109  12:06  Marine x2  
  109  12:07  Siege Tank, Marine  
  120  12:15  Marine, SCV  
  120  12:21  Marine  
  103  12:23  SCV  
  103  12:24  SCV  
  103  12:27  SCV  
  87  12:30  Marine x3  
  87  12:35  Marine x2  
  84  12:39  Marine  
  84  12:43  Siege Tank  
  86  12:44  Orbital Command  
  86  12:45  Viking x2  
  86  12:46  SCV  
  86  12:48  SCV, Marine x3  
  93  12:53  Marine x2  
  93  12:55  Armory  
  95  12:58  SCV  
  95  13:00  SCV  
  95  13:02  Marine  
  95  13:04  Armory  
  98  13:05  Marine  
  98  13:07  Sensor Tower  
  98  13:10  SCV  
  94  13:15  SCV  
  94  13:16  Marine  
  93  13:24  SCV  
Show
View Real Time Build Order
Export as new Build Order

ELESTRAGO Terran - Winner!

Build Orders: 1/1/1, Liberator Opening 

Get SALT Encoding   

  12  0:00  SCV  
  13  0:12  SCV  
  14  0:17  Supply Depot  
  14  0:25  SCV  
  15  0:28  Refinery  
  15  0:39  SCV  
  16  0:43  Barracks  
  16  0:51  SCV  
  16  0:54  Refinery  
  17  1:03  SCV  
  18  1:15  SCV  
  19  1:30  Factory  
  19  1:31  Orbital Command  
  19  1:34  Barracks Reactor  
  19  1:42  Supply Depot  
  19  1:57  SCV  
  20  2:09  SCV  
  20  2:11  Reaper x2  
  23  2:15  Starport  
  23  2:18  Hellion  
  23  2:21  SCV  
  26  2:27  Supply Depot  
  26  2:34  SCV  
  27  2:38  Liberator  
  27  2:39  Hellion  
  29  2:51  Reaper x2  
  34  3:08  SCV  
  35  3:23  Factory Tech Lab  
  35  3:36  Command Center  
  35  3:39  SCV  
  35  3:40  Starport Tech Lab  
  36  3:47  Marine x2  
  38  3:58  SCV  
  39  4:06  Supply Depot  
  39  4:07  Marine x2  
  39  4:08  Raven, Cyclone  
  46  4:10  SCV  
  47  4:29  SCV  
  42  4:41  Siege Tank, Marine x2  
  42  4:42  SCV  
  45  4:48  Orbital Command  
  45  4:50  Refinery  
  43  5:03  SCV, Orbital Command  
  43  5:05  Viking x2  
  48  5:15  SCV  
  48  5:17  Marine  
  49  5:27  SCV  
  50  5:30  SCV  
  50  5:31  Stimpack  
  50  5:36  Siege Tank  
  50  5:39  SCV  
  54  5:44  SCV  
  54  5:47  Starport Reactor, Barracks  
  55  5:50  Marine  
  55  5:51  Supply Depot  
  55  5:54  SCV  
  55  5:56  SCV  
  58  6:06  SCV  
  59  6:13  SCV  
  59  6:16  Marine  
  59  6:17  Siege Tank  
  59  6:18  SCV  
  61  6:24  Barracks  
  61  6:25  SCV  
  62  6:31  SCV  
  63  6:37  Marine x3  
  63  6:38  Medivac x2  
  70  6:41  Refinery, SCV, Supply Depot  
  70  6:42  Supply Depot  
  70  6:43  SCV  
  72  6:53  SCV  
  73  6:55  SCV  
  74  7:04  Marine x2  
  74  7:05  SCV, Marine  
  77  7:08  SCV  
  77  7:09  Engineering Bay  
  77  7:10  Liberator, Engineering Bay  
  77  7:11  Liberator  
  77  7:13  Supply Depot  
  77  7:15  Supply Depot  
  78  7:18  SCV  
  78  7:20  SCV  
  76  7:24  Marine x2  
  76  7:26  Barracks Reactor  
  84  7:32  SCV  
  84  7:33  SCV  
  86  7:40  Siege Tank, Marine  
  86  7:42  Marine x2  
  90  7:46  Terran Infantry Armor Level 1, Terran Infantry Weapons Level 1  
  90  7:48  SCV x2  
  88  7:58  Marine  
  83  7:59  Combat Shield  
  83  8:00  Marine x2  
  85  8:18  SCV  
  85  8:19  Marine x3  
  85  8:20  Marine  
  80  8:30  Siege Tank  
  80  8:31  Command Center  
  80  8:32  SCV x2  
  80  8:34  Supply Depot x2  
  85  8:35  Marine  
  85  8:36  Medivac  
  85  8:37  Medivac, Marine x2  
  92  8:42  Marine x2  
  92  8:44  SCV x2  
  96  8:53  Marine  
  96  8:55  Marine x2  
  99  9:00  SCV  
  99  9:02  Siege Tank, Marine x2  
  99  9:10  SCV  
  99  9:11  Marine  
  99  9:12  SCV, Armory  
  102  9:19  Marine x2  
  102  9:20  Marine x2  
  97  9:33  Marine  
  97  9:34  Siege Tank  
  97  9:35  SCV x2  
  97  9:37  Marine  
  103  9:40  Barracks  
  103  9:41  Barracks  
  103  9:44  Marine x3  
  99  9:51  Marine  
  100  9:54  Medivac  
  100  9:55  Marine  
  103  10:02  Marine x3  
  103  10:03  Orbital Command  
  103  10:06  Siege Tank  
  109  10:09  Refinery, Marine  
  109  10:10  Refinery  
  110  10:18  Marine  
  110  10:19  Marine  
  110  10:20  Marine x2  
  114  10:27  Marine  
  111  10:35  Barracks Reactor  
  111  10:36  Barracks Reactor  
  111  10:38  Siege Tank  
  111  10:40  Medivac x2  
  115  10:55  Marine x3  
  108  10:58  Command Center  
  108  11:04  Marine x2  
  108  11:08  Liberator x2  
  108  11:09  Terran Infantry Weapons Level 2, Terran Vehicle Weapons Level 1, Terran Infantry Armor Level 2  
  108  11:10  SCV  
  108  11:11  SCV x2  
  113  11:13  Marine x3  
  116  11:19  Siege Tank, Marine x3  
  116  11:23  Factory  
  116  11:24  Supply Depot  
  125  11:26  Supply Depot  
  125  11:31  Marine x3  
  130  11:48  Supply Depot  
  130  11:57  Marine  
  130  11:58  Siege Tank, Marine  
  135  12:08  Medivac x2  
  136  12:24  Marine x3  
  136  12:25  Marine  
  136  12:28  Marine x2  
  136  12:29  Marine x3  
  136  12:30  Siege Tank  
  136  12:31  Factory Tech Lab  
  138  12:38  Medivac x2  
  140  12:45  Marine x2  
  140  12:49  Marine  
  140  12:50  Marine x4  
  144  12:54  Siege Tank, Marine  
  144  12:55  Marine  
  144  12:59  Planetary Fortress  
  144  13:00  Barracks  
  144  13:01  Barracks  
  144  13:02  Siege Tank, Refinery x2  
  144  13:03  Marine x2, Barracks  
  144  13:04  Missile Turret x2  
  147  13:07  Marine, Missile Turret  
  147  13:08  Marine x4  
  147  13:12  Marine x2  
Tags
 
Add a new tag
Caveats
  • Supply blocks, unpowered buildings, or Contaminate may cause inaccurate times.
  • Supply counts are checked every 10 seconds.